 Dungeon Crawl Stone Soup version 0.21-a0-529-g8c7b3f5 (webtiles) character file.

257402 Moloch the Phalangite (level 19, -6/171 HPs)
             Began as a Minotaur Fighter on Nov 25, 2017.
             Was the Champion of Okawaru.
             Killed from afar by a hellion (33 damage)
             ... with damnation
             ... summoned by a deep elf demonologist
             ... on level 1 of the Elven Halls on Dec 11, 2017.
             The game lasted 01:19:21 (36760 turns).

Moloch the Phalangite (Minotaur Fighter)           Turns: 36760, Time: 01:19:21

Health: -6/171     AC: 19    Str: 26      XL:     19   Next: 9%
Magic:  18/18      EV: 20    Int:  1 (2)  God:    Okawaru [******]
Gold:   1674       SH:  0    Dex: 22      Spells: 2/18 levels left

rFire    + + .     SeeInvis .   c - +5 bardiche (flame)
rCold    + + .     Gourm    +   (shield currently unavailable)
rNeg     + + .     Faith    .   K - +2 chain mail {rF+}
rPois    +         Spirit   .   D - +1 hat "Datos" {rN++ MR+ Str+4 Int-5}
rElec    +         Reflect  .   A - scarf {rC+ rF+}
rCorr    .         Harm     .   i - +0 pair of fencer's gloves {+Riposte Dex+3}
MR       ++...     Rnd*Rage +   N - +0 pair of boots {Stlth+}
Stlth    ..........             X - amulet of the gourmand
HPRegen  0.38/turn              n - ring of Kyq Uxassesch {rElec rPois Dex+4}
MPRegen  0.16/turn              F - ring of the Saviour {rC+ Int+2}

@: studying Shields
A: retaliatory headbutt, horns 2, repulsion field 1, berserk 1, blurry vision 2,
deterioration 1, frail 1, sense surroundings 1, poison resistance, weak 1,
evolution 1
}: 2/15 runes: decaying, serpentine
a: Heroism, Finesse, Renounce Religion


You were on level 1 of the Elven Halls.
You worshipped Okawaru.
Okawaru was exalted by your worship.
You were very full.

You visited 7 branches of the dungeon, and saw 32 of its levels.
You also visited: Labyrinth, Bailey and Volcano.

You collected 3252 gold pieces.
You spent 1578 gold pieces at shops.

Inventory:

Hand Weapons
 c - a +5 bardiche of flaming (weapon)
 y - the +5 glaive of Moloch's Defiance {freeze, MR+}
   (Okawaru gifted it to you on level 2 of the Orcish Mines)

   It has been specially enchanted to freeze those struck by it, causing extra
   injury to most foes and up to half again as much damage against particularly
   susceptible opponents.
   It can also slow down cold-blooded creatures.
   It affects your resistance to hostile enchantments.
 Q - the +3 trident "Itudurad" {pierce, *Rage rElec rPois MR++}
   (You found it on level 2 of the Lair of Beasts)

   It inflicts extra damage upon your enemies.
   It insulates you from electricity.
   It protects you from poison.
   It affects your resistance to hostile enchantments.
   It may make you go berserk in combat.
Missiles
 j - 3 throwing nets (quivered)
Armour
 i - the +0 pair of fencer's gloves (worn) {+Riposte Dex+3}
   (You bought it in a shop on level 1 of the Snake Pit)

   It affects your dexterity (+3).
 A - a scarf of resistance (worn)
 D - the +1 hat "Datos" (worn) {rN++ MR+ Str+4 Int-5}
   (You acquired it on level 1 of the Orcish Mines)

   It affects your strength (+4).
   It affects your intelligence (-5).
   It greatly protects you from negative energy.
   It affects your resistance to hostile enchantments.
 K - a +2 chain mail of fire resistance (worn)
 N - a +0 pair of boots of stealth (worn)
Jewellery
 a - an uncursed ring of poison resistance
 n - the ring of Kyq Uxassesch (left hand) {rElec rPois Dex+4}
   (You took it off a centaur warrior on level 13 of the Dungeon)

   [ring of poison resistance]

   It affects your dexterity (+4).
   It insulates you from electricity.
   It protects you from poison.
 x - an uncursed amulet of guardian spirit {unknown}
 F - the ring of the Saviour (right hand) {rC+ Int+2}
   (You found it on level 5 of the Dungeon)

   [ring of protection from cold]

   It affects your intelligence (+2).
   It protects you from cold.
 U - an uncursed ring of resist corrosion
 X - an amulet of the gourmand (around neck)
Wands
 B - a wand of digging (19)
 G - a wand of clouds (4)
Scrolls
 g - 8 scrolls of fog
 o - 12 scrolls of remove curse
 p - 15 scrolls of teleportation
 q - 3 scrolls of immolation
 r - 3 scrolls of holy word
 v - 3 scrolls of fear
 w - 4 scrolls of blinking
 C - 7 scrolls of amnesia
 J - 2 scrolls of identify
 L - 6 scrolls of enchant armour
 P - a scroll of silence
 V - 2 scrolls of torment
 Z - a scroll of brand weapon
Potions
 b - 8 potions of flight
 d - 3 potions of might
 e - 4 potions of cancellation
 k - 6 potions of brilliance
 l - 11 potions of curing
 m - 8 potions of lignification
 t - a potion of berserk rage
 z - 7 potions of haste
 E - 8 potions of heal wounds
 M - 8 potions of agility
 S - a potion of resistance
 T - 2 potions of mutation
Books
 O - a manual of Shields
 R - a manual of Shields
Miscellaneous
 s - a phantom mirror
Comestibles
 f - 14 bread rations
 h - 15 meat rations
 u - 17 royal jellies
 I - 20 fruits


   Skills:
 - Level 21.6 Fighting
 - Level 26.0 Polearms
 + Level 14.5 Armour
 * Level 11.6 Dodging
 - Level 3.6 Shields


You had 2 spell levels left.
You knew the following spells:

 Your Spells              Type           Power        Failure   Level  Hunger
a - Regeneration          Chrm/Necr      #.........   100%        3    ####...
b - Song of Slaying       Chrm           #.......     99%         2    ###....
c - Deflect Missiles      Chrm/Air       #.........   100%        6    #######
d - Silence               Hex/Air        #.........   100%        5    ######.


Dungeon Overview and Level Annotations

Branches:
Dungeon (14/15)            Temple (1/1) D:7            Lair (6/6) D:10
  Swamp (4/4) Lair:2        Snake (4/4) Lair:2        Slime (0/5) Lair:5
    Orc (2/2) D:9             Elf (1/3) Orc:2        Vaults (0/5) D:13

Altars:
Ashenzari
Cheibriados
Dithmenos
Elyvilon
Fedhas
Gozag
Hepliaklqana
Kikubaaqudgha
Makhleb
Nemelex Xobeh
Okawaru
Qazlal
Ru
Sif Muna
Trog
Uskayaw
Vehumet
Wu Jian
Xom
Yredelemnul
Zin
The Shining One
Beogh

Shops:
D:5 ?[[   D:9 :   D:11 *   D:13 [   Orc:2 ([*:   Elf:1 }   Snake:1 =[([
Snake:2 *

Annotations:
Lair:5 exclusion: 2 oklob plants


Innate Abilities, Weirdness & Mutations

You reflexively headbutt those who attack you in melee.
You have a pair of horns on your head.
You are surrounded by a mild repulsion field. (EV +2)
You tend to lose your temper in combat.
Scrolls take you longer to read.
Your body sometimes deteriorates upon taking damage.
You are frail. (-10% HP)
You passively map a small area around you.
Your system is resistant to poisons. (rPois)
You are weak. (Str -2)
You evolve.


Message History

The hellion gestures at you.
The sphere of damnation explodes!
The damnation engulfs you!
The damnation engulfs the hellion.
The hellion completely resists.
The deep elf demonologist mumbles some strange words.
As you read the scroll of teleportation, it crumbles to dust.
You feel strangely unstable.
Unknown command.
Unknown command.
The hellion gestures at you.
The sphere of damnation explodes!
The damnation engulfs you!
* * * LOW HITPOINT WARNING * * *
Things that are here:
a dagger of venom; a robe Unknown command.
Items here: )))) [[[ † Your surroundings seem slightly different.
Really read with blurry vision while enemies are nearby?
The hellion gestures at you.
The sphere of damnation explodes!
The damnation engulfs you!
You die...

#########.#####)##.........#
### #.##########'# #.# #.#
#.# #.# #.##########.#
#......).....#
##..########## #..# #@)####
#..24.## ## #..##).# .# * *
######X# .# #####, 8 #)#
.#####...#,* e.eE..X)#
.....'...# ,(....e4e#
######...#** #.e#x)#.#
#...#8 .$...)'.#


You could see a large abomination, a hellion and a red devil.

Vanquished Creatures
  Rupert (D:12)
  Frances (D:12)
  Kirke (Swamp:3)
  A thorn hunter (Swamp:3)
  6 nagarajas
  Donald (Swamp:3)
  Roxanne (Swamp:2)
  An orc warlord (Orc:2)
  5 ghouls
  A stone giant (Orc:2)
  Azrael (Snake:2)
  Snorg (Lair:3)
  A minotaur (Lab)
  The ghost of kae the Grappler, a journeyman TrMo of Wu Jian (Volcano)
  15 naga warriors
  An ogre mage (D:13)
  3 fire dragons (Swamp:4)
  14 hydras
  2 deep elf high priests (Elf:1)
  Harold (D:11)
  5 vault guards (D:13)
  A ghost crab (Swamp:2)
  17 anacondas
  3 centaur warriors
  A death knight (D:14)
  5 dancing weapons
  3 catoblepae (Lair:6)
  9 alligators
  6 death yaks
  8 two-headed ogres
  3 tengu warriors
  5 orc high priests (Orc:2)
  Urug (Lair:5)
  9 naga sharpshooters
  12 shock serpents
  8 deep elf knights (Elf:1)
  The ghost of Swippen the Basher, a novice GrFi (Lair:1)
  2 fire crabs (Swamp:4)
  3 skeletal warriors (D:14)
  5 salamander mystics (Snake:4)
  12 swamp dragons
  4 unseen horrors
  3 spriggan druids (Swamp:4)
  2 shambling mangroves (Swamp:1)
  4 naga ritualists
  6 wizards
  3 orc knights
  16 mana vipers
  5 lindwurms
  24 deep elf magi
  4 deep elf archers
  10 orc sorcerers
  4 manticores
  10 ugly things
  5 elephants (Lair:6)
  A cyclops (D:11)
  5 toenail golems (Volcano)
  8 guardian serpents
  8 salamanders
  23 black mambas
  23 naga magi
  A gargoyle (D:12)
  2 torpor snails
  Psyche (D:11)
  24 spiny frogs
  7 komodo dragons
  3 kobold demonologists
  A rime drake (Lair:5)
  2 tengu conjurers (D:14)
  A guardian mummy (D:14)
  A minotaur zombie (Lab)
  6 trolls
  4 tyrant leeches
  Prince Ribbit (D:5)
  Grinder (D:3)
  14 hornets
  3 polar bears
  17 blink frogs
  12 hippogriffs
  9 bog bodies
  17 slime creatures
  A meliai zombie (D:14)
  19 dream sheep
  2 air elementals (Elf:1)
  11 spriggans
  4 shadows
  6 wyverns
  Eustachio (D:4)
  6 fire elementals
  70 yaks
  A basilisk (Lair:6)
  A hog (Swamp:3)
  A human (D:13)
  A steam dragon (Swamp:4)
  9 hungry ghosts
  15 vampire mosquitoes
  5 wargs
  30 nagas
  17 swamp worms
  3 acid dragons
  39 insubstantial wisps
  17 water moccasins
  Duvessa (D:7)
  10 porcupines
  2 hell hounds (Lair:1)
  14 swamp drakes
  5 ice beasts
  46 orc warriors
  2 black bears
  2 sky beasts
  2 eyes of draining
  4 phantoms
  2 necrophages
  14 ogres
  5 wolves
  14 crocodiles
  31 centaurs
  5 big kobolds
  Blork the orc (D:5)
  19 bullfrogs
  2 earth elementals
  A wyvern zombie (D:7)
  Dowan (D:7)
  4 scorpions
  30 killer bees
  6 wights
  2 howler monkeys (D:11)
  5 electric eels
  2 crimson imps
  3 bullfrog zombies
  A lava snake (D:10)
  6 centaur zombies
  7 hounds
  2 jellies
  A quasit (D:8)
  2 centaur skeletons
  16 orc priests
  19 orc wizards
  A bullfrog skeleton (D:3)
  6 iguanas
  Terence (D:3)
  Natasha (D:2)
  7 hell rats
  11 worker ants
  2 hound skeletons
  A mummy (D:14)
  Robin (D:4)
  10 adders
  A shadow imp (D:10)
  An ooze (D:2)
  An adder zombie (D:11)
  2 adder skeletons
  A worm (D:4)
  3 dart slugs (D:1)
  7 leopard geckos
  93 orcs
  8 giant cockroaches
  19 goblins
  11 hobgoblins
  13 jackals
  18 kobolds
  7 quokkas
  15 bats
  6 frilled lizards
  A jackal skeleton (D:7)
  A jackal zombie (D:6)
  A leopard gecko zombie (D:7)
  2 quokka skeletons (D:5)
  8 rats
  A toadstool (Swamp:3)
1282 creatures vanquished.

Vanquished Creatures (others)
  A hydra (Swamp:4)
  A swamp dragon (Swamp:4)
  A hornet (Swamp:2)
  A blink frog (Swamp:4)
  2 humans (Swamp:3)
  A vampire mosquito (Swamp:4)
  2 insubstantial wisps (Swamp:2)
  4 swamp drakes (Swamp:4)
  An orc priest (Elf:1)
  An orc wizard (D:4)
  8 orcs (Elf:1)
  21 fungi
  12 plants
  5 toadstools (Swamp:3)
  3 withered plants (D:14)
64 creatures vanquished.

Grand Total: 1346 creatures vanquished

Notes
Turn   | Place    | Note
-------+----------+-------------------------------------------
     0 | D:1      | Moloch the Minotaur Fighter began the quest for the Orb.
     0 | D:1      | Reached XP level 1. HP: 19/19 MP: 0/0
    25 | D:1      | Reached skill level 3 in Polearms
    62 | D:1      | Reached XP level 2. HP: 24/26 MP: 1/1
   275 | D:1      | Reached skill level 4 in Polearms
   359 | D:1      | Reached XP level 3. HP: 33/33 MP: 2/2
  1125 | D:2      | Found a faded altar of an unknown god.
  1138 | D:2      | Reached XP level 4. HP: 39/40 MP: 3/3
  1387 | D:2      | Reached skill level 5 in Polearms
  1698 | D:3      | Noticed a phantom
  1699 | D:3      | Noticed Natasha
  1743 | D:2      | Killed Natasha
  2055 | D:3      | Killed a phantom
  2055 | D:3      | Reached skill level 6 in Polearms
  2055 | D:3      | Reached XP level 5. HP: 43/47 MP: 4/4
  2197 | D:3      | Noticed Terence
  2213 | D:3      | Killed Terence
  2269 | D:3      | Noticed Grinder
  2280 | D:3      | Paralysed by Grinder for 7 turns
  2291 | D:3      | Killed Grinder
  2291 | D:3      | Reached skill level 5 in Fighting
  2291 | D:3      | Reached skill level 7 in Polearms
  2291 | D:3      | Reached XP level 6. HP: 12/56 MP: 5/5
  2572 | D:3      | Found a shimmering altar of Xom.
  2574 | D:3      | Found an ancient bone altar of Kikubaaqudgha.
  2574 | D:3      | Found a stormy altar of Qazlal.
  2581 | D:3      | Found a glowing silver altar of Zin.
  2581 | D:3      | Found a shadowy altar of Dithmenos.
  2581 | D:3      | Found a blossoming altar of Fedhas.
  2651 | D:3      | Reached skill level 8 in Polearms
  2694 | D:3      | Upgraded the game from 0.21-a0-504-g2eda330 to 0.21-a0-507-ga8f6b7a
  2816 | D:4      | Reached XP level 7. HP: 60/61 MP: 6/6
  2832 | D:4      | Noticed Robin
  2836 | D:4      | Killed Robin
  2910 | D:4      | Noticed Eustachio
  2945 | D:4      | Killed Eustachio
  2945 | D:4      | Reached skill level 9 in Polearms
  3668 | D:5      | Entered Level 5 of the Dungeon
  3671 | D:5      | Noticed Prince Ribbit
  3680 | D:5      | Found Ashraargh's Antique Armour Shoppe.
  3685 | D:5      | Killed Prince Ribbit
  3685 | D:5      | Reached skill level 10 in Polearms
  3685 | D:5      | Reached XP level 8. HP: 71/71 MP: 7/7
  3783 | D:5      | Found Ozalen's Antique Armour Boutique.
  3799 | D:5      | Found Nilaex's Magic Scroll Emporium.
  3953 | D:5      | Got a smoking brass ring
  3973 | D:5      | Noticed Blork the orc
  3982 | D:5      | Killed Blork the orc
  3982 | D:5      | Reached skill level 11 in Polearms
  4540 | D:5      | Bought a crude cloak for 228 gold pieces
  4550 | D:5      | Identified the +1 cloak "Noesch" {MR+} (You bought it in a shop on level 5 of the Dungeon)
  4673 | D:6      | Reached skill level 12 in Polearms
  4673 | D:6      | Reached XP level 9. HP: 81/81 MP: 8/8
  5333 | D:7      | Found a staircase to the Ecumenical Temple.
  5342 | Temple   | Entered the Ecumenical Temple
  5349 | Temple   | Became a worshipper of Warmaster Okawaru
  5535 | D:7      | Reached skill level 13 in Polearms
  5560 | D:7      | Noticed Dowan
  5562 | D:7      | Noticed Duvessa
  5582 | D:7      | Killed Duvessa
  5586 | D:7      | Killed Dowan
  5938 | D:8      | Reached * piety under Okawaru
  5955 | D:8      | Noticed a two-headed ogre
  5967 | D:8      | Killed a two-headed ogre
  5967 | D:8      | Reached skill level 14 in Polearms
  5971 | D:8      | Reached ** piety under Okawaru
  5971 | D:8      | Reached XP level 10. HP: 69/93 MP: 6/9
  5980 | D:8      | Reached skill level 10 in Fighting
  6031 | D:8      | Noticed a two-headed ogre
  6045 | D:8      | HP: 4/93 [two-headed ogre/dire flail (11)]
  6047 | D:8      | Killed a two-headed ogre
  6670 | D:8      | Reached skill level 15 in Polearms
  6794 | D:8      | Found a basalt altar of Yredelemnul.
  6797 | D:8      | Found a bloodstained altar of Trog.
  6797 | D:8      | Found a radiant altar of Vehumet.
  6798 | D:8      | Found an opulent altar of Gozag.
  7025 | D:9      | Found a staircase to the Orcish Mines.
  7097 | D:9      | Found a roughly hewn altar of Beogh.
  7105 | D:9      | Reached *** piety under Okawaru
  7428 | D:9      | Identified the ring of the Saviour {rC+ Int+2} (You found it on level 5 of the Dungeon)
  7659 | D:9      | Found Faces's Book Boutique.
  7954 | D:9      | Reached **** piety under Okawaru
  7964 | D:9      | Noticed a three-headed hydra
  8012 | D:9      | Reached XP level 11. HP: 98/104 MP: 10/10
  8081 | D:9      | Killed a three-headed hydra
  8081 | D:9      | Reached skill level 16 in Polearms
  8180 | D:9      | Reached ***** piety under Okawaru
  8612 | Orc:1    | Entered Level 1 of the Orcish Mines
  8720 | Orc:2    | Entered Level 2 of the Orcish Mines
  8727 | Orc:2    | Noticed an orc sorcerer
  8753 | Orc:1    | Killed an orc sorcerer
  8835 | D:9      | HP: 4/105 [orc warrior/battleaxe (16)]
  9082 | D:10     | Entered Level 10 of the Dungeon
  9489 | D:10     | Received a gift from Okawaru
  9602 | D:10     | Killed an unseen horror
 10155 | D:10     | HP: 4/107 [orc warrior/halberd (16)]
 10645 | D:10     | Reached skill level 17 in Polearms
 10674 | D:10     | Received a gift from Okawaru
 10882 | D:10     | Found a staircase to the Lair.
 10889 | Lair:1   | Entered Level 1 of the Lair of Beasts
 10906 | Lair:1   | Identified a scroll of acquirement
 10961 | Lair:1   | Found a dark tunnel.
 10980 | Volcano  | Entered a volcano
 10982 | Volcano  | Noticed a wizard
 10990 | Volcano  | Reached XP level 12. HP: 112/117 MP: 8/11
 11087 | Volcano  | Noticed kae's ghost (journeyman TrMo)
 11119 | Volcano  | Killed kae's ghost
 11376 | Volcano  | Received a gift from Okawaru
 11376 | Volcano  | Reached ****** piety under Okawaru
 11376 | Volcano  | Reached skill level 15 in Fighting
 11674 | Lair:1   | Noticed Swippen's ghost (novice GrFi)
 11690 | Lair:1   | Killed Swippen's ghost
 11739 | Lair:1   | Learned a level 3 spell: Regeneration
 11742 | Lair:1   | Learned a level 2 spell: Song of Slaying
 12295 | Lair:2   | Reached skill level 18 in Polearms
 12296 | Lair:2   | Found a staircase to the Snake Pit.
 12428 | Lair:2   | Found a staircase to the Swamp.
 12482 | Lair:2   | Reached skill level 1 in Dodging
 12667 | Lair:2   | Identified the +3 trident "Itudurad" {pierce, *Rage rElec rPois MR++} (You found it on level 2 of the Lair of Beasts)
 13508 | Lair:3   | Noticed Snorg
 13520 | Lair:3   | Killed Snorg
 13520 | Lair:3   | Received a gift from Okawaru
 13554 | Lair:3   | Reached skill level 5 in Armour
 13554 | Lair:3   | Reached XP level 13. HP: 123/129 MP: 9/12
 14100 | Lair:3   | Found a white marble altar of Elyvilon.
 14503 | Lair:4   | Upgraded the game from 0.21-a0-507-ga8f6b7a to 0.21-a0-508-gf08a75f
 15325 | Lair:5   | Found a staircase to the Slime Pits.
 15427 | Lair:5   | Reached skill level 19 in Polearms
 15611 | Lair:5   | Received a gift from Okawaru
 15660 | Lair:5   | Noticed Urug
 15671 | Lair:5   | Killed Urug
 16168 | Lair:6   | Entered Level 6 of the Lair of Beasts
 16552 | Lair:6   | Reached skill level 5 in Dodging
 16698 | Lair:6   | Reached XP level 14. HP: 138/138 MP: 13/13
 17736 | Lair:6   | Reached skill level 20 in Polearms
 18711 | Orc:2    | Found Rihad's General Store.
 18786 | Orc:2    | Noticed a stone giant
 18787 | Orc:2    | Upgraded the game from 0.21-a0-508-gf08a75f to 0.21-a0-529-g8c7b3f5
 18800 | Orc:2    | Killed a stone giant
 18800 | Orc:2    | Received a gift from Okawaru
 18805 | Orc:2    | Got an encrusted glaive {god gift}
 19223 | Orc:2    | Reached skill level 10 in Armour
 19241 | Orc:2    | Found Ruodiep's Antique Armour Emporium.
 19296 | Orc:2    | Bought a pair of glowing boots for 172 gold pieces
 19386 | Orc:2    | Found Vekerer's Antique Weapon Boutique.
 19511 | Orc:2    | Found a staircase to the Elven Halls.
 19530 | Orc:2    | Noticed an orc warlord
 19556 | Orc:2    | Killed an orc warlord
 19676 | Orc:2    | Paralysed by an orc sorcerer for 3 turns
 19713 | Orc:2    | Found Owu Igu's Book Shop.
 20093 | Orc:1    | You fall through a shaft!
 20212 | Orc:1    | Got a brightly glowing hat
 20218 | Orc:1    | Identified the +1 hat "Datos" {rN++ MR+ Str+4 Int-5} (You acquired it on level 1 of the Orcish Mines)
 20357 | D:11     | Noticed Psyche
 20361 | D:11     | Killed Psyche
 20386 | D:11     | Noticed Harold
 20397 | D:11     | Killed Harold
 20417 | D:11     | Found a flagged portal.
 20426 | Bailey   | Entered a bailey
 21154 | D:11     | Received a gift from Okawaru
 21163 | D:11     | Got a twisted ring mail {god gift}
 21174 | D:11     | Identified the +2 ring mail of Aqainn {Stlth+} (Okawaru gifted it to you on level 11 of the Dungeon)
 21339 | D:11     | Reached XP level 15. HP: 149/149 MP: 14/14
 21588 | D:11     | Found Diellol's Assorted Antiques.
 21591 | D:11     | Bought a scroll of identify for 58 gold pieces
 21612 | D:11     | Found an opulent altar of Gozag.
 21810 | D:12     | Found a labyrinth entrance.
 21828 | D:12     | Gained mutation: Your body sometimes deteriorates upon taking damage. [mutagenic meat]
 21829 | D:12     | Gained mutation: Scrolls take you a little longer to read. [mutagenic meat]
 21830 | D:12     | Gained mutation: Your system is resistant to poisons. (rPois) [mutagenic meat]
 21831 | D:12     | Gained mutation: Your muscles are strong. (Str +2) [mutagenic meat]
 21843 | Lab      | Entered a labyrinth
 22096 | Lab      | Reached skill level 21 in Polearms
 22130 | Lab      | Identified the +5 glaive of Moloch's Defiance {freeze, MR+} (Okawaru gifted it to you on level 2 of the Orcish Mines)
 22451 | D:12     | You fall through a shaft for 2 floors!
 23054 | D:13     | Found Olyuxt's Armour Emporium.
 23458 | D:13     | Found a gate to the Vaults.
 23467 | D:13     | Received a gift from Okawaru
 23549 | D:13     | Got a brightly glowing steel ring
 23759 | D:14     | Reached skill level 22 in Polearms
 24239 | D:14     | Reached XP level 16. HP: 122/159 MP: 15/15
 24245 | D:14     | Found a bloodstained altar of Trog.
 24277 | D:14     | Received a gift from Okawaru
 24293 | D:14     | Identified the ring of Kyq Uxassesch {rElec rPois Dex+4} (You took it off a centaur warrior on level 13 of the Dungeon)
 24958 | D:12     | Noticed Frances
 24968 | D:12     | Killed Frances
 25311 | D:12     | Noticed Rupert
 25327 | D:12     | Killed Rupert
 25327 | D:12     | Reached skill level 23 in Polearms
 25541 | Swamp:1  | Entered Level 1 of the Swamp
 26327 | Swamp:2  | Received a gift from Okawaru
 26426 | Swamp:2  | Reached skill level 24 in Polearms
 26502 | Swamp:2  | Noticed Roxanne
 26604 | Swamp:2  | Killed Roxanne
 27234 | Swamp:3  | Noticed Kirke
 27243 | Swamp:3  | Killed Kirke
 27342 | Swamp:3  | Noticed a thorn hunter
 27351 | Swamp:3  | Killed a thorn hunter
 27455 | Swamp:3  | Noticed Donald
 27471 | Swamp:3  | Killed Donald
 27477 | Swamp:3  | Identified the +1 shield of the Jabberwock {rF+} (You took it off Donald on level 3 of the Swamp)
 27802 | Swamp:3  | Reached XP level 17. HP: 144/166 MP: 16/16
 27996 | Swamp:4  | Entered Level 4 of the Swamp
 28038 | Swamp:4  | Received a gift from Okawaru
 28038 | Swamp:4  | Reached skill level 25 in Polearms
 29386 | Swamp:4  | Got a decaying rune of Zot
 29580 | Snake:1  | Entered Level 1 of the Snake Pit
 29580 | Snake:1  | Found Qixailup's Weapon Shop.
 29580 | Snake:1  | Found Giuck's Armour Shop.
 29580 | Snake:1  | Found Demimud's Antique Armour Shop.
 29586 | Snake:1  | Found Qysetekupt's Jewellery Shop.
 29589 | Snake:1  | Received a gift from Okawaru
 29605 | Snake:1  | Bought the +0 pair of fencer's gloves {+Riposte Dex+3} for 640 gold pieces
 29605 | Snake:1  | Found the +0 pair of fencer's gloves {+Riposte Dex+3}
 29693 | Snake:1  | Reached skill level 26 in Polearms
 30213 | Snake:1  | Found a blossoming altar of Fedhas.
 30495 | Snake:2  | Noticed Azrael
 30508 | Snake:2  | Killed Azrael
 30524 | Snake:2  | Received a gift from Okawaru
 31032 | Snake:2  | Found Gepnikke's General Store.
 31033 | Snake:2  | Found the +5 pair of quick blades "Gyre" and "Gimble" {pierce, Dex-3}
 32076 | Snake:3  | Received a gift from Okawaru
 32271 | Snake:4  | Entered Level 4 of the Snake Pit
 32280 | Snake:4  | Reached XP level 18. HP: 171/178 MP: 14/17
 32288 | Snake:4  | Gained mutation: You are surrounded by a mild repulsion field. (EV +2) [mutagenic meat]
 32289 | Snake:4  | Gained mutation: Scrolls take you longer to read. [mutagenic meat]
 32292 | Snake:4  | Gained mutation: You passively map a small area around you. [mutagenic meat]
 32293 | Snake:4  | Gained mutation: You tend to lose your temper in combat. [mutagenic meat]
 33141 | Snake:4  | Reached skill level 10 in Dodging
 33582 | Snake:4  | Received a gift from Okawaru
 34906 | Snake:4  | Gained mutation: You are frail. (-10% HP) [mutagenic meat]
 34907 | Snake:4  | Lost mutation: Your muscles are strong. (Str +2) [mutagenic meat]
 34908 | Snake:4  | Gained mutation: You evolve. [mutagenic meat]
 34909 | Snake:4  | Gained mutation: You are weak. (Str -2) [mutagenic meat]
 35390 | Snake:4  | Got a serpentine rune of Zot
 35424 | Snake:4  | Learned a level 6 spell: Deflect Missiles
 35430 | Snake:4  | Learned a level 5 spell: Silence
 35771 | Elf:1    | Entered Level 1 of the Elven Halls
 35869 | Elf:1    | Received a gift from Okawaru
 36453 | Elf:1    | Found Nenoeg's Gadget Shop.
 36463 | Elf:1    | Reached XP level 19. HP: 158/171 MP: 18/18
 36471 | Elf:1    | Bought a phantom mirror for 480 gold pieces
 36760 | Elf:1    | Killed from afar by a hellion

Vault maps used:
D:1:      dpeg_arrival_short_road, grunt_decor_resistance
D:2:      chequers_ecumenical_altar_island
D:3:      minmay_diamond_boxcup, first_bread, minmay_misc_feat_secret_circle,
          doesnt_xom_only_xom, uniq_natasha, uniq_grinder, uniq_terence
D:4:      uniq_eustachio, uniq_robin
D:5:      serial_shops, shop, shop_fountains, shop, uniq_prince_ribbit1,
          uniq_blork_the_orc
D:7:      temple_hall, uniq_duvessa
D:8:      chequers_temple_overflow_statue_of_worship
D:9:      minmay_orc_entry_temple_small, serial_shops, kennysheep_mini,
          corner_web_ring, hangedman_ranch, amethyst_killhole
D:10:     grunt_lair_entry_orc_guard_hut, kennysheep_generic_room_2
D:11:     serial_shops, shop, enter_bailey_2,
          nicolae_gozag_cash_rules_everything_around_me, uniq_psyche,
          uniq_harold
D:12:     minmay_box_of_statues, lab_entry_generic, serial_co_window_serial,
          co_window_corner_a, co_window_of_opportunity_a, co_window_paths_b,
          co_window_of_opportunity_a, co_window_paths_a, co_window_2corner,
          co_window_2corner, co_window_broadway_a, glass_columns_b, uniq_rupert,
          uniq_frances
D:13:     minmay_wavy_crystal, grunt_vaults_entry_fortified, serial_shops,
          nicolae_shop_window_shopping
D:14:     serial_undead, serial_undead_f, serial_undead_d, serial_undead_b,
          serial_undead_b, trog_ov_bears_minmay
Temple:   nicolae_temple_no_exploring_needed
Lair:1:   enter_volcano_3, serial_bayou_shore_b
Lair:2:   minmay_swamp_entry_wisps, minmay_snake_entry_guardpost_small,
          serial_bayou_lagoon_b, grunt_megastairs_3, serial_bayou_shore_b
Lair:3:   basic_altar, beast_lair_carwin_11, uniq_snorg
Lair:4:   grunt_megastairs_1
Lair:5:   minmay_slime_entry_oklob_open, lemuel_fruit_fields,
          lemuel_fruit_fields, uniq_urug
Lair:6:   evilmike_catoblepas_cave
Swamp:1:  evilmike_swamp_ruin_house_4
Swamp:2:  evilmike_swamp_ruin_house_6, uniq_roxanne
Swamp:3:  cheibrodos_swamp_tower_of_moss, nicolae_swamp_triple_paths,
          uniq_kirke, uniq_donald
Swamp:4:  swamp_fiery
Snake:1:  basic_altar, minmay_shop_grid_forest
Snake:2:  serial_shops, nicolae_shop_stone, basic_stair_grate_trap, uniq_azrael
Snake:3:  st_stairs_10
Snake:4:  snake_pit_salamanders_mu, grunt_ministairs_15, st_stairs_14,
          nicolae_snake_round_shape_thing
Orc:2:    grunt_orc_gardens, grunt_orc_garden, grunt_orc_garden,
          grunt_orc_garden, grunt_orc_garden
Elf:1:    eino_elf_arrival_customs, serial_shops, nicolae_shop_statue_plus,
          orc_legates, lemuel_flamethrower_2
Lab:      labyrinth_hidden_loot, labyrinth_skeletal_remains, nicolae_lab_x,
          lab_fountain, nicolae_lab_do_over, lab_block, nicolae_lab_lava
Bailey:   bailey_polearm_flooded_kennysheep, bailey
Volcano:  volcano_bunker

Skill      XL: |  1  2  3  4  5  6  7  8  9 10 11 12 13 14 15 16 17 18 |
---------------+-------------------------------------------------------+-----
Polearms       | 3 4 6 7 8 10 12 14 15 17 18 19 20 22 24 26 | 26.0
Fighting       | 4 5 6 8 9 11 14 16 17 18 19 21 | 21.6
Armour         | 5 8 10 11 12 14 | 14.5
Dodging        | 2 5 7 8 9 11 | 11.6
Shields        | |  3.6

Action                   |  1- 3 |  4- 6 |  7- 9 | 10-12 | 13-15 | 16-18 | 19-21 || total
-------------------------+-------+-------+-------+-------+-------+-------+-------++-------
Melee: Trident           |   110 |   163 |   420 |   655 |    83 |       |       ||  1431
       Headbutt          |     8 |    24 |    80 |   201 |   274 |   244 |     6 ||   837
       Halberd           |       |       |       |   241 |  1021 |       |       ||  1262
       Glaive            |       |       |       |       |   360 |    43 |       ||   403
       Bardiche          |       |       |       |       |       |  1219 |    44 ||  1263
Invok: Heroism           |       |       |     1 |     9 |    20 |    13 |       ||    43
       Finesse           |       |       |       |       |     1 |     1 |       ||     2
Evoke: Wand              |       |       |     3 |       |     2 |       |       ||     5
  Use: Scroll            |       |     6 |     2 |    12 |    16 |     9 |     1 ||    46
       Potion            |       |       |     1 |     2 |     2 |       |       ||     5
 Stab: Paralysed         |       |       |     6 |       |       |       |       ||     6
  Eat: Chunk             |     1 |     5 |    11 |    25 |    38 |    61 |       ||   141
       Royal jelly       |       |       |       |     3 |       |       |       ||     3
       Fruit             |       |       |       |     2 |    15 |     1 |       ||    18
Armor: Scale mail        |    16 |       |       |       |       |       |       ||    16
       Chain mail        |    48 |    50 |   114 |    72 |   433 |   338 |     5 ||  1060
       Skin              |       |       |    38 |    15 |       |       |       ||    53
       Plate armour      |       |       |       |   144 |       |       |       ||   144
Dodge: Dodged            |    16 |    22 |    48 |   128 |   733 |   604 |    17 ||  1568
Block: Shield            |    53 |    57 |   139 |   191 |    47 |       |       ||   487
       Rpst.: Bardiche   |       |       |       |       |       |    38 |     4 ||    42

Table legend:
 A = Spawn XP
 B = Non-spawn XP
 C = Spawn XP percentage of total XP
 D = Spawn monster count
 E = Non-spawn monster count
 F = Spawn count percentage of total count
 G = Total turns spent on level
                    A         B        C        D         E        F      G
               +---------+---------+-------+---------+---------+-------+---------
         Total |       0 |  386007 |   0.0 |       0 |    1282 |   0.0 | 36760
               +---------+---------+-------+---------+---------+-------+---------
           D:1 |       0 |      57 |   0.0 |       0 |      31 |   0.0 |   901
           D:2 |       0 |      98 |   0.0 |       0 |      28 |   0.0 |   982
           D:3 |       0 |     572 |   0.0 |       0 |      33 |   0.0 |   906
           D:4 |       0 |     523 |   0.0 |       0 |      26 |   0.0 |   879
           D:5 |       0 |    1070 |   0.0 |       0 |      13 |   0.0 |   888
           D:6 |       0 |     924 |   0.0 |       0 |      13 |   0.0 |   428
           D:7 |       0 |     937 |   0.0 |       0 |      21 |   0.0 |  1185
           D:8 |       0 |    3709 |   0.0 |       0 |      21 |   0.0 |  1005
           D:9 |       0 |    5630 |   0.0 |       0 |      54 |   0.0 |  2051
          D:10 |       0 |    5789 |   0.0 |       0 |      81 |   0.0 |  1644
          D:11 |       0 |    5906 |   0.0 |       0 |      35 |   0.0 |   875
          D:12 |       0 |   17854 |   0.0 |       0 |      58 |   0.0 |   921
          D:13 |       0 |   23216 |   0.0 |       0 |      69 |   0.0 |  1405
          D:14 |       0 |   24341 |   0.0 |       0 |      68 |   0.0 |  1002
        Lair:1 |       0 |    2617 |   0.0 |       0 |      11 |   0.0 |  1002
        Lair:2 |       0 |    6273 |   0.0 |       0 |      31 |   0.0 |  1585
        Lair:3 |       0 |    6434 |   0.0 |       0 |      25 |   0.0 |   743
        Lair:4 |       0 |    4807 |   0.0 |       0 |      25 |   0.0 |   840
        Lair:5 |       0 |    8219 |   0.0 |       0 |      30 |   0.0 |  1337
        Lair:6 |       0 |   24167 |   0.0 |       0 |      74 |   0.0 |  1404
       Swamp:1 |       0 |    9621 |   0.0 |       0 |      27 |   0.0 |   675
       Swamp:2 |       0 |   22043 |   0.0 |       0 |      60 |   0.0 |  1056
       Swamp:3 |       0 |   12981 |   0.0 |       0 |      27 |   0.0 |  1002
       Swamp:4 |       0 |   30489 |   0.0 |       0 |      74 |   0.0 |  1270
       Snake:1 |       0 |   11414 |   0.0 |       0 |      18 |   0.0 |   953
       Snake:2 |       0 |    9877 |   0.0 |       0 |      18 |   0.0 |  1025
       Snake:3 |       0 |   20035 |   0.0 |       0 |      34 |   0.0 |  1173
       Snake:4 |       0 |   70033 |   0.0 |       0 |     108 |   0.0 |  2872
         Orc:1 |       0 |    2184 |   0.0 |       0 |      12 |   0.0 |  1076
         Orc:2 |       0 |   15517 |   0.0 |       0 |      51 |   0.0 |  1277
         Elf:1 |       0 |   26637 |   0.0 |       0 |      49 |   0.0 |   989
           Lab |       0 |    2074 |   0.0 |       0 |       6 |   0.0 |   295
        Bailey |       0 |    2277 |   0.0 |       0 |      39 |   0.0 |   583
       Volcano |       0 |    7682 |   0.0 |       0 |      12 |   0.0 |   516
               +---------+---------+-------+---------+---------+-------+---------
